Map: Newkirk Precinct TE (Void)

Players

Lapin - Winner!

  • Race: Zerg Zerg
  • League: Diamond
  • Spawn Location: 7:00

Musumeci

  • Race: Zerg Zerg
  • League: Diamond
  • Spawn Location: 5:00

VOD

Have the link to the VOD?

Description

Time

  • Played on: March 2, 2017, 10:03 a.m.
  • Length: 17:39
Show
View Real Time Build Order
Export as new Build Order

Lapin Zerg - Winner!

Build Orders: Pool First 

Get SALT Encoding   

  12  0:01  Drone  
  13  0:14  Extractor  
  12  0:27  Spawning Pool  
  11  0:30  Drone  
  11  0:35  Drone  
  13  0:43  Drone  
  14  0:54  Overlord  
  14  1:14  Zergling x6  
  17  1:26  Metabolic Boost  
  17  1:27  Zergling x2  
  18  1:36  Queen  
  20  1:40  Zergling x2  
  21  1:49  Zergling x2  
  21  2:09  Overlord  
  21  2:17  Hatchery  
  18  2:29  Zergling x4  
  19  2:40  Spine Crawler  
  17  3:10  Drone x3  
  17  3:11  Zergling x6  
  22  3:16  Queen  
  22  3:30  Queen  
  22  3:31  Drone  
  25  3:46  Drone  
  25  3:48  Drone x3  
  28  3:59  Drone  
  29  4:04  Spine Crawler  
  24  4:14  Zergling x6  
  18  4:32  Drone x2  
  20  4:39  Drone x2  
  20  4:45  Drone  
  23  4:55  Queen  
  25  5:02  Evolution Chamber  
  24  5:09  Evolution Chamber  
  23  5:18  Roach Warren  
  23  5:20  Drone  
  23  5:25  Drone  
  23  5:27  Drone  
  25  5:30  Drone  
  26  5:39  Drone x2  
  28  5:47  Overlord  
  25  6:17  Roach x3  
  27  6:20  Zergling x8  
  27  6:21  Zergling x4  
  29  6:32  Drone x2  
  27  6:52  Extractor  
  27  6:53  Extractor  
  27  7:04  Hatchery  
  26  7:08  Drone  
  26  7:09  Drone x2  
  26  7:13  Extractor  
  28  7:18  Drone  
  29  7:50  Overlord  
  29  8:06  Overlord  
  29  8:07  Overlord  
  29  8:08  Roach  
  29  8:09  Roach  
  33  8:13  Drone  
  33  8:15  Extractor  
  33  8:19  Queen, Drone  
  34  8:24  Queen  
  34  8:26  Drone  
  34  8:27  Drone x2  
  41  8:31  Ravager  
  42  8:36  Drone  
  42  8:38  Drone  
  44  8:44  Drone  
  45  8:51  Drone x4  
  49  8:58  Lair  
  49  9:34  Drone  
  49  9:35  Drone x4  
  54  9:41  Drone x2  
  54  9:43  Drone x3  
  54  9:44  Overlord  
  59  9:58  Overlord x2  
  59  9:59  Overlord x2  
  59  10:08  Spire  
  58  10:22  Drone, Extractor  
  58  10:23  Drone x2  
  60  10:49  Hatchery  
  59  10:52  Drone x3  
  59  10:55  Overlord  
  60  11:19  Roach  
  60  11:20  Roach x6  
  60  11:22  Mutalisk x3, Roach  
  60  11:23  Mutalisk x2  
  76  11:28  Zerg Flyer Weapons Level 1  
  76  11:30  Mutalisk  
  77  11:37  Mutalisk x2  
  75  12:06  Drone  
  75  12:07  Drone x10  
  86  12:08  Queen  
  71  12:43  Mutalisk x5  
  77  13:04  Roach Warren  
  77  13:16  Hatchery  
  75  13:24  Hatchery  
  75  13:25  Extractor x2  
  72  13:47  Drone  
  72  13:48  Drone x2  
  75  13:56  Roach  
  75  13:57  Roach x8  
  75  13:59  Zerg Missile Weapons Level 1  
  75  14:01  Zergling x6  
  96  14:07  Hatchery  
  95  14:15  Zerg Flyer Weapons Level 2  
  95  14:19  Spore Crawler  
  95  14:22  Spine Crawler  
  95  14:24  Spore Crawler  
  92  14:25  Zergling x8  
  92  14:26  Zergling x6  
  92  14:30  Ravager x4  
  92  14:31  Ravager  
  104  14:33  Drone  
  104  14:34  Queen  
  104  14:37  Zerg Melee Weapons Level 1  
  107  14:50  Drone x2  
  107  14:52  Drone x2  
  111  14:53  Drone  
  111  14:54  Drone x3  
  111  14:56  Roach  
  111  14:57  Roach  
  111  14:59  Overlord x3  
  119  15:23  Drone x3  
  124  15:35  Roach x2  
  126  15:36  Roach x12  
  139  16:06  Overlord x2  
  139  16:07  Queen, Overlord x2  
  141  16:15  Drone x2  
  143  16:20  Overlord x3  
  143  16:21  Overlord x2  
  143  16:34  Zergling x12  
  143  16:35  Zergling x8  
  153  16:41  Queen  
  155  16:50  Extractor  
  155  16:52  Extractor  
  152  17:06  Overseer  
  152  17:07  Overseer x2  
  152  17:09  Drone x3  
Show
View Real Time Build Order
Export as new Build Order

Musumeci Zerg 

Build Orders: Pool First 

Get SALT Encoding   

  13  0:09  Extractor  
  11  0:21  Spawning Pool  
  10  0:26  Drone  
  11  0:30  Drone  
  13  0:35  Drone  
  13  0:45  Drone  
  14  0:54  Overlord  
  14  1:13  Zergling x4  
  14  1:15  Metabolic Boost  
  16  1:20  Zergling x2  
  17  1:31  Zergling x2  
  18  1:40  Queen  
  18  1:43  Zergling x2  
  21  1:52  Zergling x2  
  22  1:58  Baneling Nest  
  19  2:29  Zergling x4  
  21  2:31  Overlord  
  21  2:43  Baneling x2  
  20  2:55  Zergling x2  
  20  2:56  Zergling x6  
  20  3:20  Zergling x4  
  22  3:33  Baneling x2  
  22  3:34  Baneling  
  22  3:35  Zergling x4  
  17  4:26  Zergling x12  
  21  4:38  Zergling x2  
  21  4:39  Zergling x4  
  21  4:45  Evolution Chamber  
  23  4:58  Hatchery  
  22  5:01  Baneling  
  22  5:02  Baneling  
  22  5:04  Baneling x2  
  21  5:36  Baneling x3  
  21  5:37  Baneling  
  13  6:50  Drone  
  13  6:51  Drone x10  
  13  6:52  Queen, Drone x3  
  29  7:00  Zergling x2  
  29  7:01  Roach Warren  
  29  7:09  Zergling x2  
  29  7:10  Zergling x2  
  29  7:15  Spine Crawler  
  30  7:36  Spine Crawler  
  29  7:37  Spine Crawler  
  29  7:39  Spine Crawler  
  29  7:51  Roach x4  
  36  8:05  Overlord  
  36  8:06  Overlord x2  
  36  8:23  Lair  
  36  8:25  Roach x3  
  42  8:43  Roach x4  
  51  9:10  Drone x5, Extractor  
  54  9:28  Roach x3  
  60  9:31  Extractor  
  60  9:34  Glial Reconstitution  
  59  9:39  Overlord x4  
  59  9:57  Ravager  
  59  9:58  Ravager x2  
  62  10:01  Ravager  
  62  10:04  Roach  
  65  10:10  Roach  
  65  10:11  Roach  
  67  10:40  Roach x8  
  82  10:59  Overlord  
  82  11:00  Overlord  
  82  11:06  Drone x2  
  84  11:29  Roach  
  84  11:30  Roach  
  84  11:32  Ravager x2  
  90  11:33  Ravager x2  
  90  11:35  Ravager  
  90  11:36  Roach  
  90  11:37  Roach x2  
  93  12:03  Spore Crawler x2  
  93  12:06  Spore Crawler x2  
  93  12:08  Spore Crawler x2  
  24  13:03  Hydralisk Den  
  23  13:10  Drone x15  
  38  13:15  Roach  
  40  13:34  Hydralisk  
  40  13:35  Hydralisk x2  
  45  13:51  Hydralisk x4  
  53  14:09  Hydralisk x4  
  61  14:23  Hydralisk x3  
  67  14:27  Zergling x2  
  68  14:36  Extractor  
  67  14:39  Roach x4  
  75  14:55  Muscular Augments  
  75  14:58  Zergling x2  
  75  14:59  Zergling x10  
  70  15:53  Roach x6  
  70  15:54  Roach  
  58  16:20  Hydralisk  
  58  16:21  Extractor  
  58  16:22  Hatchery  
  58  16:26  Extractor  
  58  16:27  Zergling x18  
  58  16:29  Spore Crawler  
  65  16:46  Hydralisk x2  
  63  17:04  Baneling x2  
  63  17:07  Hydralisk x2  
Tags
 
Add a new tag
Caveats
  • Supply blocks, unpowered buildings, or Contaminate may cause inaccurate times.
  • Supply counts are checked every 10 seconds.